 Dungeon Crawl Stone Soup version 0.23.2-40-g277498a (webtiles) character file.

Game seed: 13534427009384756136

198 Dharzhak the Chopper (level 5, -3/47 HPs)
             Began as a Hill Orc Abyssal Knight on Aug 22, 2019.
             Was a Believer of Lugonu.
             Slain by axlevencent's ghost (13 damage)
             ... on level 3 of the Dungeon.
             The game lasted 00:08:40 (3982 turns).

Dharzhak the Chopper (Hill Orc Abyssal Knight)      Turns: 3982, Time: 00:08:41

Health: -3/47      AC:  6    Str: 16    XL:     5   Next: 76%
Magic:  7/7        EV:  9    Int: 17    God:    Lugonu [**....]
Gold:   211        SH:  0    Dex: 10    Spells: 4/4 levels left

rFire    . . .     SeeInvis .   a - +1 hand axe
rCold    . . .     Gourm    .   (no shield)
rNeg     . . .     Faith    .   m - +0 scale mail
rPois    .         Spirit   .   (no helmet)
rElec    .         Reflect  .   (no cloak)
rCorr    .         Harm     .   (no gloves)
MR       .....                  (no boots)
Stlth    ..........             (no amulet)
HPRegen  0.15/turn              n - +5 ring of intelligence
MPRegen  0.10/turn              e - ring of attention (curse)

@: hasted, quick
A: no striking features
a: Depart the Abyss, Bend Space, Renounce Religion


You were on level 3 of the Dungeon.
You worshipped Lugonu.
Lugonu was pleased with you.
You were not hungry.

You visited 1 branch of the dungeon, and saw 3 of its levels.
You visited the Abyss 1 time.

You collected 211 gold pieces.

Inventory:

Hand Weapons
 a - a +1 hand axe (weapon)
Missiles
 p - 5 javelins of returning (quivered)
Armour
 m - a +0 scale mail (worn)
Jewellery
 e - a cursed ring of attention (right hand)
 n - a +5 ring of intelligence (left hand)
Scrolls
 b - a scroll of enchant armour {unknown}
 d - a scroll of blinking
 f - a scroll of fog {unknown}
Potions
 h - 4 potions of curing {unknown}
 i - a potion of might {unknown}
 j - 3 potions of haste
 l - a potion of flight {unknown}
 o - a potion of brilliance {unknown}
Comestibles
 c - 5 rations


   Skills:
 * Level 4.8 Fighting
 * Level 5.1 Axes
   Level 0.1(2.5) Polearms
 * Level 3.2 Armour
 * Level 1.4 Dodging
 * Level 3.2 Invocations


You had 4 spell levels left.
You didn't know any spells.
Your spell library was empty.

Dungeon Overview and Level Annotations

Branches:
Dungeon (3/15)

Altars:
The Shining One

Annotations:
D:3 axlevencent's ghost, amateur HOFi


Message History

You barely miss axlevencent's ghost.
Axlevencent's ghost is moderately damaged.
You hit axlevencent's ghost but do no damage.
Axlevencent's ghost is moderately damaged.
Axlevencent's ghost misses you.
You hit axlevencent's ghost but do no damage.
Axlevencent's ghost is moderately damaged.
Axlevencent's ghost barely misses you.
Your scale mail prevents you from hitting axlevencent's ghost.
Axlevencent's ghost is moderately damaged.
Axlevencent's ghost hits you!
* * * LOW HITPOINT WARNING * * *
You closely miss axlevencent's ghost.
Axlevencent's ghost is moderately damaged.
Okay, then.
You enter the shallow water.
Moving in this stuff is going to be slow.
As you open the door, it creaks loudly! Axlevencent's ghost hits you!
You die...

...#...# #....#≈≈≈#.....#........
...#...###....#≈≈≈#.....#........
...#........>.#≈≈≈#.....#........
...#..........#≈≈≈#..............
...#..........#≈.≈######.........
...#..........#≈≈≈# #.........
...#..).......#≈≈≈# #...######
...#..........#≈W≈# #...#
...#######....#≈@≈# #...# ####
....##'## #...# .....# #...#
.....?## #...# #....#### #####
#.... #####


You could see axlevencent's ghost.

Vanquished Creatures
  A bullfrog (D:2)
  A worker ant (D:2)
  3 adders
  A worm (D:3)
  4 dart slugs
  A leopard gecko (D:1)
  4 orcs (D:3)
  9 bats
  4 giant cockroaches
  9 goblins
  8 hobgoblins
  6 jackals (D:3)
  A ball python (D:3)
  6 frilled lizards
  5 kobolds
  3 rats
66 creatures vanquished.

Notes
Turn   | Place    | Note
-------+----------+-------------------------------------------
     0 | Abyss:1  | Dharzhak the Hill Orc Abyssal Knight began the quest for
                  | the Orb.
     0 | Abyss:1  | Reached XP level 1. HP: 19/19 MP: 2/2
    57 | Abyss:1  | Noticed a tentacled starspawn
    59 | D:1      | Escaped the Abyss
   234 | D:1      | Reached * piety under Lugonu
   239 | D:1      | Reached skill level 3 in Axes
   242 | D:1      | Reached XP level 2. HP: 16/27 MP: 3/3
   869 | D:1      | Reached XP level 3. HP: 21/33 MP: 4/4
  1204 | D:1      | Found a glowing golden altar of the Shining One.
  1701 | D:2      | Reached skill level 4 in Axes
  1701 | D:2      | Reached skill level 1 in Dodging
  1701 | D:2      | Reached XP level 4. HP: 18/41 MP: 4/6
  3018 | D:3      | Reached ** piety under Lugonu
  3135 | D:3      | Reached XP level 5. HP: 36/47 MP: 7/7
  3519 | D:3      | Found a runed translucent door.
  3529 | D:3      | Noticed axlevencent's ghost (amateur HOFi)
  3619 | D:2      | Reached skill level 5 in Axes
  3953 | D:3      | Found a runed translucent door.
  3982 | D:3      | Slain by axlevencent's ghost

Skill      XL: |  1  2  3  4  5 |
---------------+----------------+-----
Axes           | 3 4 5 |  5.1
Fighting       | 4 |  4.8
Dodging        | 1 |  1.4
Invocations    | 3 |  3.2
Armour         | 3 |  3.2
Polearms       | |  0.1

Action                   |  1- 3 |  4- 6 || total
-------------------------+-------+-------++-------
Melee: Hand axe          |    70 |   172 ||   242
       Spear             |    61 |       ||    61
Throw: Javelin           |       |     4 ||     4
Invok: Depart the Abyss  |     1 |       ||     1
  Use: Scroll            |     3 |     2 ||     5
       Potion            |       |     2 ||     2
  Eat: Chunk             |     2 |     8 ||    10
Armor: Leather armour    |    47 |       ||    47
       Scale mail        |    11 |    93 ||   104
Dodge: Dodged            |    93 |    83 ||   176
